 Dungeon Crawl Stone Soup version 0.22-a0-252-gcace5d2 (webtiles) character file.

63 KristoblXynda the Chucker (level 3, 0/29 HPs)
             Began as a Draconian Hunter on Mar 1, 2018.
             Slain by an orc
             ... wielding a +0 hand axe
              (2 damage)
             ... on level 3 of the Dungeon.
             The game lasted 00:03:13 (1988 turns).

KristoblXynda the Chucker (Draconian Hunter)        Turns: 1988, Time: 00:03:13

Health: 0/29       AC:  5    Str: 14    XL:     3   Next: 89%
Magic:  3/3        EV: 12    Int: 12    God:
Gold:   171        SH:  0    Dex: 11    Spells: 2/2 levels left

rFire    . . .     SeeInvis .   o - +0 whip
rCold    . . .     Gourm    .   (no shield)
rNeg     . . .     Faith    .   (armour unavailable)
rPois    .         Spirit   .   (helmet restricted)
rElec    .         Reflect  .   u - scarf {repulsion}
rCorr    .         Harm     .   (no gloves)
MR       .....                  (no boots)
Stlth    ++........             (no amulet)
HPRegen  0.09/turn              l - ring of stealth
MPRegen  0.08/turn              (no ring)

@: repel missiles
A: unfitting armour, cold-blooded, AC +5
a: no special abilities


You were on level 3 of the Dungeon.
You were not hungry.

You visited 1 branch of the dungeon, and saw 3 of its levels.

You collected 171 gold pieces.

Inventory:

Hand Weapons
 o - a +0 whip (weapon)
Missiles
 b - 4 javelins (quivered)
 c - 2 throwing nets
Armour
 u - a scarf of repulsion (worn)
Jewellery
 l - a ring of stealth (left hand)
Wands
 j - a wand of acid (5)
Scrolls
 a - a scroll of remove curse {unknown}
 i - a scroll of fog
 m - a scroll of enchant armour {unknown}
 n - a scroll of fear {unknown}
 t - a scroll of immolation
 v - a scroll of teleportation {unknown}
Potions
 e - 2 potions of curing
 g - a potion of might {unknown}
 h - a potion of berserk rage {unknown}
 k - a potion of brilliance {unknown}
 p - a potion of agility
 q - a potion of mutation {unknown}
 r - a potion of flight
Comestibles
 d - 4 rations


   Skills:
 - Level 2.1 Fighting
 + Level 0.7 Maces & Flails
 * Level 4.5 Throwing
 + Level 2.6 Dodging
 - Level 0.8 Stealth


You had 2 spell levels left.
You didn't know any spells.

Dungeon Overview and Level Annotations

Branches:
Dungeon (3/15)

Altars:


Innate Abilities, Weirdness & Mutations

Your plain brown scales are hard. (AC +5)
You cannot fit into any form of body armour.
You are cold-blooded and may be slowed by cold attacks.


Message History

Press: ? - help, Shift-Dir - straight line, f - orc
Aim: an orc, wielding a hand axe and wearing a ring mail (resting)
You throw a tomahawk. The tomahawk hits the orc.
The orc is almost dead.
The quokka bites you but does no damage.
Throwing (i - inventory. (/) - cycle)
b - 5 javelins (quivered)
Press: ? - help, Shift-Dir - straight line, f/p - orc
Aim: an orc, wielding a hand axe and wearing a ring mail (almost dead)
You throw a javelin. The javelin completely misses the orc.
The quokka bites you.
* * * LOW HITPOINT WARNING * * *
The quokka barely misses you. The orc barely misses you.
You closely miss the orc.
Your tail-slap misses the orc.
The orc is almost dead.
The orc closely misses you. The quokka misses you.
You barely miss the orc.
Your tail-slap misses the orc.
The orc is almost dead.
The quokka closely misses you. The orc hits you with a hand axe.
You die...

#######.# #.wr@o.(#
#######.#####(#
........#####.#. ##
######............ #
#.......=(####.##.##
###.###.#.........(...
#.......###...#..##...
#.......#..#
###<#......
#.##...<...#
#.....##...


You could see a worm, an orc and a quokka.

Vanquished Creatures
  Terence (D:2)
  An adder (D:2)
  A worm (D:2)
  2 dart slugs
  2 leopard geckos
  An orc (D:3)
  3 bats
  3 goblins
  2 hobgoblins (D:2)
  2 kobolds (D:2)
  A quokka (D:2)
  A rat (D:2)
20 creatures vanquished.

Notes
Turn   | Place    | Note
-------+----------+-------------------------------------------
     0 | D:1      | KristoblXynda the Draconian Hunter began the quest for the Orb.
     0 | D:1      | Reached XP level 1. HP: 17/17 MP: 1/1
   716 | D:2      | Reached XP level 2. HP: 19/24 MP: 2/2
   719 | D:2      | Reached skill level 4 in Throwing
   790 | D:2      | Noticed Terence
   801 | D:2      | Killed Terence
   801 | D:2      | Reached XP level 3. HP: 20/29 MP: 3/3
  1988 | D:3      | Slain by an orc

Vault maps used:
D:1:      nzn_arrival_water_spiral
D:2:      minmay_pentomino_o4, uniq_terence
D:3:      marbit_many_paths, kennysheep_generic_room_10

Skill      XL: |  1  2 |
---------------+-------+-----
Dodging        | 2 |  2.6
Throwing       | 4 |  4.5
Fighting       | |  2.1
Maces & Flails | |  0.7
Stealth        | |  0.8

Action                   || total
-------------------------++-------
Melee: Short sword       ||    26
       Tailslap          ||     8
       Whip              ||    56
Throw: Tomahawk          ||    19
       Javelin           ||     6
  Use: Scroll            ||     4
 Stab: Sleeping          ||     1
  Eat: Chunk             ||     3
Armor: Skin              ||    25
Dodge: Dodged            ||    58

Table legend:
 A = Spawn XP
 B = Non-spawn XP
 C = Spawn XP percentage of total XP
 D = Spawn monster count
 E = Non-spawn monster count
 F = Spawn count percentage of total count
 G = Total turns spent on level
                    A         B        C        D         E        F      G
               +---------+---------+-------+---------+---------+-------+---------
         Total |       0 |      91 |   0.0 |       0 |      20 |   0.0 |  1988
               +---------+---------+-------+---------+---------+-------+---------
           D:1 |       0 |       9 |   0.0 |       0 |       3 |   0.0 |   688
           D:2 |       0 |      77 |   0.0 |       0 |      15 |   0.0 |  1248
           D:3 |       0 |       5 |   0.0 |       0 |       2 |   0.0 |    52
               +---------+---------+-------+---------+---------+-------+---------
